AoeStats
← jucca187

Arabia

506187952Analyzed
2v2 RM · 21d ago on Sep 12, 2026· 60m 5s· 4 players
Game mode
Random Map
Map size
Medium (4 player)
Population
200
Speed
Normal
Resources
Standard
Victory
Conquest
Starting age
Dark Age
Ending age
Imperial Age
RankedLock teamsTeams togetherTeam positionsShared explorationLock speedFull tech treeHidden civsTurbo modeCheats
Victory
Defeat
🇧🇪 Lithuanians · Belgium
892
+14
🇫🇮 Bengalis · Finland
863
+14
🇨🇳 Huns · China
839
-35
🇨🇳 Huns · China
839
-35
jucca187
13:00 Feudal Age
15:26 Double-Bit Axe
15:52 Horse Collar
20:00 Castle Age
20:23 Pikeman
21:04 Squires
22:37 Bow Saw
24:02 Wheelbarrow
23:14 Loom
23:33 Heavy Plow
24:15 Forging
24:06 Scale Mail Armor
26:25 Gold Mining
28:22 Stone Mining
39:15 Imperial Age
36:47 Fletching
39:14 Ballistics
39:13 Bodkin Arrow
40:20 Conscription
40:44 Elite Elephant Archer
48:11 Chemistry
48:12 Elite Skirmisher
48:57 Halberdier
51:04 Bracer
51:41 Iron Casting
51:21 Chain Mail Armor
54:06 Blast Furnace
53:10 Padded Archer Armor
henrim667
10:57 Feudal Age
11:23 Double-Bit Axe
11:22 Horse Collar
13:08 Gold Mining
14:07 Town Watch
14:09 Loom
23:36 Castle Age
25:52 Forging
25:48 Scale Barding Armor
29:59 Wheelbarrow
29:53 Heavy Plow
40:07 Imperial Age
39:23 Hand Cart
39:42 Stone Mining
40:44 Bloodlines
41:13 Iron Casting
41:13 Bow Saw
42:40 Stone Shaft Mining
41:45 Cavalier
42:33 Husbandry
43:54 Chain Barding Armor
45:12 Paladin
47:24 Plate Barding Armor
49:51 Two-Man Saw
summit
8:48 Loom
13:22 Feudal Age
26:16 Castle Age
38:58 Light Cavalry
44:55 Husbandry
54:48 Bloodlines
余生的小孟
6:42 Loom
10:05 Feudal Age
12:15 Double-Bit Axe
12:24 Horse Collar
20:01 Scale Barding Armor
20:07 Forging
28:03 Castle Age
26:01 Gold Mining
27:47 Bloodlines
29:30 Wheelbarrow
28:19 Light Cavalry
30:16 Husbandry
30:32 Heavy Plow
31:37 Iron Casting
35:13 Fletching
36:23 Bodkin Arrow
36:29 Padded Archer Armor
37:58 Gold Shaft Mining
44:42 Thumb Ring
53:46 Hand Cart
54:29 Ballistics
54:14 Stone Mining
57:45 Imperial Age
Connection lost

Rejoining the realm…

Still unreachable

The connection could not be restored.

Session expired

The server has moved on; the page needs a fresh start.